 Dungeon Crawl Stone Soup version 0.17-a0-764-gd40c196 (webtiles) character file.

6571 angelmind the Destroyer (level 10, 0/69 HPs)
             Began as a White Draconian Conjurer on Apr 23, 2015.
             Was a Follower of Vehumet.
             Slain by a tengu warrior
             ... wielding a +0 great mace
              (11 damage)
             ... on level 8 of the Dungeon.
             The game lasted 01:26:07 (14610 turns).

angelmind the Destroyer (White Draconian Conjurer) Turns: 14610, Time: 01:26:08

Health: 0/69       AC: 15    Str: 10    XL:     10   Next: 70%
Magic:  4/13       EV: 12    Int: 20    God:    Vehumet [*.....]
Gold:   297        SH:  8    Dex: 13    Spells: 4 memorised, 1 level left

rFire  . . .     SeeInvis .     d - +2 dagger (protect)
rCold  + . .     Clarity  .     (armour unavailable)
rNeg   + . .     SustAb   .     o - +0 shield
rPois  .         Gourm    .     r - +1 hat
rElec  .         Spirit   .     s - +0 cloak
rCorr  +         Warding  .     L - +0 pair of gloves (curse)
rMut   .         Stasis   .     (no boots)
MR     .....                    p - amulet of resist corrosion
Stlth  +++.......               J - ring of stealth
                                z - ring of positive energy

@: not resistant to hostile enchantments, fairly stealthy
A: breathe frost, unfitting armour, agile 1, cold resistance 1, deterioration 1,
cold-blooded, placid magic 1, AC +7
a: Breathe Frost, Renounce Religion


You were on level 8 of the Dungeon.
You worshipped Vehumet.
Vehumet was aware of your devotion.
You were not hungry.

You visited 2 branches of the dungeon, and saw 9 of its levels.
You also visited: Ossuary.

You collected 413 gold pieces.
You spent 116 gold pieces at shops.

Inventory:

Hand weapons
 d - a +2 dagger of protection (weapon)
 e - a +2 dagger of electrocution
 t - a +0 blowgun
 Q - a +0 lajatang
Missiles
 c - 58 poisoned needles
 n - 44 stones (quivered)
 u - 8 javelins
 w - 6 silver sling bullets
 x - 4 tomahawks
Armour
 o - a +0 shield (worn)
 r - a +1 hat (worn)
 s - a +0 cloak (worn)
 L - a cursed +0 pair of gloves (worn)
Jewellery
 p - an amulet of resist corrosion (around neck)
 z - a ring of positive energy (left hand)
 J - a ring of stealth (right hand)
Magical devices
 g - a wand of fire (0)
 y - a wand of cold (0)
 M - a wand of slowing (6)
 O - a wand of draining (5)
Scrolls
 j - a scroll of enchant weapon
 k - 5 scrolls of remove curse
 m - 2 scrolls of recharging
 A - 3 scrolls of fog
 C - a scroll of holy word {unknown}
 D - 4 scrolls of noise {unknown}
 F - 3 scrolls of immolation
 H - 2 scrolls of enchant armour {unknown}
Potions
 h - a potion of lignification {unknown}
 l - 3 potions of ambrosia
 q - a potion of restore abilities
 v - 2 potions of might
 B - a potion of cure mutation {unknown}
 I - a potion of curing
 K - 2 potions of agility
 N - a potion of brilliance
Books
 a - a book of Conjurations

   Spells                             Type                      Level
   a - Magic Dart                     Conjuration                  1
   b - Searing Ray                    Conjuration                  2
   c - Dazzling Spray                 Conjuration/Hexes            3
   d - Fulminant Prism                Conjuration/Hexes            4
   e - Iskenderun's Mystic Blast      Conjuration                  4
   f - Iskenderun's Battlesphere      Conjuration/Charms           5
Comestibles
 b - 6 bread rations
 f - a chunk of flesh
 i - 4 meat rations


   Skills:
 - Level 5.0 Dodging
 - Level 2.0 Stealth
 * Level 2.6 Shields
 - Level 2.0 Spellcasting
 * Level 14.2 Conjurations
 + Level 4.4 Charms


You had one spell level left.
You knew the following spells:

 Your Spells              Type           Power        Failure   Level  Hunger
a - Searing Ray           Conj           #####.       1%          2    ##.....
b - Iskenderun's Mystic   Conj           #####...     1%          4    #####..
c - Iskenderun's Battles  Conj/Chrm      ####....     41%         5    ######.
z - Magic Dart            Conj           ####         1%          1    #......


Dungeon Overview and Level Annotations

Branches:
Dungeon (8/15)             Temple (1/1) D:7            Lair (0/8) D:8

Altars:
Ashenzari
Cheibriados
Dithmenos
Elyvilon
Fedhas
Gozag
Kikubaaqudgha
Makhleb
Okawaru
Qazlal
Ru
Sif Muna
Trog
Vehumet
Xom
Yredelemnul
Zin
The Shining One

Shops:
D:8 *

Annotations:
D:4 Viceroy's ghost, average OpAs
D:8 Erica


Innate Abilities, Weirdness & Mutations

You can breathe waves of freezing cold.
You can buffet flying creatures when you breathe cold.
Your icy white scales are hard (AC +7).
Your body does not fit into most forms of armour.
Your flesh is cold resistant.
You are cold-blooded and may be slowed by cold attacks.
You are agile. (Dex +2)
Your body is slowly deteriorating.
Your spells are a little easier to cast, but a little less powerful.


Message History

Aim: a tengu warrior, wielding a great mace and wearing a leather armour (severely wounded)
The searing ray hits the tengu warrior.
The tengu warrior is severely wounded.
The centaur shouts!
You block the centaur's attack.
The centaur hits you but does no damage.
The searing ray hits the tengu warrior.
The tengu warrior is severely wounded.
The tengu warrior hits you with a great mace!
* * * LOW HITPOINT WARNING * * *
The tengu warrior pecks you but does no damage.
The tengu warrior claws you but does no damage.
The centaur hits you.
* * * LOW HITPOINT WARNING * * *
The searing ray hits the tengu warrior.
The tengu warrior is almost dead.
The centaur hits you.
* * * LOW HITPOINT WARNING * * *
The tengu warrior hits you with a great mace!
You die...

#. #$# #.# #.###.###.###.
# #.#.#.#.#.#.#.#.#.#.#
## #.###.###.###.###.##
#!#
#.#.#.#รท#.#.#.#.#.#.#
#c#.###.###.###.###.###.
#Q###.#.#.#.#.#.#.#.#.#
##.#.#.###.###.###.###.#.
#.###Q###Q#.#.#.#.#.#.#.#
##.#.#.#@###.###.###.#.#.
##.# #c###.#.#.#.#.#.#.#
##.#.#.#.#.###.###.#.#.##
#.###.# #.###.#.#.#.#.#.#
##.#.#.#.#.#.###.#.#.###.
##.###.###.###.#.#.#(#.#
##.#.#.#.#.#.#.#.#.###.##
#.###.# #.###.#.#.#.#.#.#
##.#.#.#.#.#.#.#.###.###.


You could see a tengu warrior and a centaur.

Vanquished Creatures
  A centaur warrior (D:8)
  Pikel (D:6)
  A komodo dragon (D:7)
  A two-headed ogre (D:8)
  The ghost of inmateoo the Grave Robber, an average VSNe (D:5)
  2 wyverns (D:8)
  A hippogriff (D:8)
  Menkaure (D:7)
  A water moccasin (D:7)
  3 orc warriors
  6 ogres
  A black bear (D:7)
  2 ice beasts
  A necrophage (D:7)
  3 sky beasts
  2 phantoms
  5 centaurs
  5 giant frogs
  6 jellies (D:8)
  3 killer bees
  A wyvern skeleton (D:7)
  8 crimson imps
  A centaur zombie (D:5)
  2 iguanas
  6 hounds
  5 orc priests
  9 orc wizards
  4 worker ants
  A killer bee zombie (D:8)
  2 big kobold zombies (Ossuary)
  4 mummies (Ossuary)
  2 hound zombies
  10 adders
  4 gnolls (D:4)
  2 shadow imps (D:8)
  An adder skeleton (D:4)
  An adder zombie (D:5)
  4 worms
  8 giant geckos
  24 orcs
  3 giant cockroaches
  A gnoll zombie (Ossuary)
  12 goblins
  14 hobgoblins
  5 jackals (D:8)
  5 quokkas
  12 bats
  A giant gecko zombie (D:6)
  4 giant newts
  19 kobolds
  An orc zombie (Ossuary)
  17 rats
240 creatures vanquished.

Vanquished Creatures (others)
  2 slaves (D:7)
  2 centaurs (D:7)
  An adder (D:7)
  An orc (D:7)
  6 plants (D:8)
12 creatures vanquished.

Grand Total: 252 creatures vanquished

Notes
Turn   | Place    | Note
--------------------------------------------------------------
     0 | D:1      | angelmind, the Draconian Conjurer, began the quest for the Orb.
     0 | D:1      | Reached XP level 1. HP: 14/14 MP: 3/3
   418 | D:1      | Reached XP level 2. HP: 20/20 MP: 1/5
  1109 | D:1      | Learned a level 2 spell: Searing Ray
  1358 | D:2      | Reached XP level 3. HP: 26/26 MP: 2/6
  1435 | D:2      | Reached skill level 5 in Conjurations
  1519 | D:2      | Found a snail-covered altar of Cheibriados.
  1567 | D:2      | Found a white marble altar of Elyvilon.
  1636 | D:2      | Found a stormy altar of Qazlal.
  1649 | D:2      | Found a glowing golden altar of the Shining One.
  2236 | D:3      | Reached XP level 4. HP: 33/33 MP: 3/7
  2245 | D:3      | Learned a level 4 spell: Iskenderun's Mystic Blast
  2818 | D:4      | Reached skill level 6 in Conjurations
  2954 | D:4      | Noticed an ogre
  2963 | D:4      | Killed an ogre
  2963 | D:4      | Reached XP level 5. HP: 35/38 MP: 1/8
  3168 | D:4      | Reached skill level 7 in Conjurations
  3387 | D:4      | Reached XP level 6. HP: 45/45 MP: 1/9
  3827 | D:4      | Noticed Viceroy's ghost (average OpAs)
  3831 | D:4      | Gained mutation: Your body is slowly deteriorating. [potion of mutation]
  3831 | D:4      | Gained mutation: Your spells are a little easier to cast, but a little less powerful. [potion of mutation]
  3831 | D:4      | Gained mutation: You are agile. (Dex +2) [potion of mutation]
  3832 | D:4      | HP: 2/45 [orc wizard/magic dart (6)]
  3840 | D:4      | HP: 1/45 [orc/flail (2)]
  3900 | D:5      | Entered Level 5 of the Dungeon
  4152 | D:5      | Reached skill level 8 in Conjurations
  4398 | D:5      | Found a sacrificial altar of Ru.
  4569 | D:4      | Your scales start taking on a icy white colour.
  4569 | D:4      | Gained mutation: Your flesh is cold resistant. [White Draconian growth]
  4569 | D:4      | Reached XP level 7. HP: 50/50 MP: 4/10
  5261 | D:5      | Reached skill level 9 in Conjurations
  5709 | D:5      | Noticed inmateoo's ghost (average VSNe)
  5720 | D:5      | Killed inmateoo's ghost
  5720 | D:5      | Reached skill level 10 in Conjurations
  5720 | D:5      | Reached XP level 8. HP: 57/57 MP: 1/11
  5951 | D:4      | Found an ancient bone altar of Kikubaaqudgha.
  6655 | D:6      | Reached skill level 11 in Conjurations
  7353 | D:6      | Found a bloodstained altar of Trog.
  7368 | D:6      | Found a shimmering altar of Xom.
  7986 | D:7      | Found a sand-covered staircase.
  8011 | Ossuary  | Entered an ossuary
  8625 | D:7      | Noticed Menkaure
  8626 | D:7      | Noticed Pikel
  8697 | D:7      | Reached skill level 12 in Conjurations
  8697 | D:7      | Reached XP level 9. HP: 40/62 MP: 3/12
  9091 | D:6      | Killed Pikel
  9199 | D:6      | Learned a level 5 spell: Iskenderun's Battlesphere
  9389 | D:7      | Reached skill level 1 in Charms
  9747 | D:7      | Reached skill level 13 in Conjurations
 10469 | D:8      | Noticed Erica
 10802 | D:7      | Killed Menkaure
 10828 | D:7      | Found a staircase to the Ecumenical Temple.
 10838 | Temple   | Entered the Ecumenical Temple
 11057 | Temple   | Became a worshipper of Vehumet
 11187 | D:8      | Reached XP level 10. HP: 69/69 MP: 8/13
 11207 | D:8      | Found Jiumegut's Assorted Antiques.
 11211 | D:8      | Bought a scroll of identify for 62 gold pieces
 11211 | D:8      | Bought a viscous cyan potion for 27 gold pieces
 11211 | D:8      | Bought a puce potion for 27 gold pieces
 11868 | D:8      | Found a staircase to the Lair.
 11869 | D:8      | Noticed a komodo dragon
 12470 | D:7      | Killed a komodo dragon
 12815 | D:7      | HP: 3/69 [poisoned by Erica (bolt of poison)]
 12823 | D:7      | HP: 3/69 [poisoned by Erica (bolt of poison)]
 13768 | D:8      | Reached skill level 1 in Shields
 13857 | D:8      | Reached skill level 14 in Conjurations
 14051 | D:8      | Noticed a centaur warrior
 14062 | D:8      | Killed a centaur warrior
 14238 | D:8      | Acquired Vehumet's first power
 14238 | D:8      | Offered knowledge of Sting by Vehumet.
 14347 | D:8      | Reached skill level 5 in Dodging
 14593 | D:8      | Noticed a tengu warrior
 14610 | D:8      | Slain by a tengu warrior

Action                   |  1- 3 |  4- 6 |  7- 9 | 10-12 || total
-------------------------+-------+-------+-------+-------++-------
Melee: Dagger            |     9 |       |    69 |    51 ||   129
       Short sword       |     4 |       |       |       ||     4
       Spear             |    33 |     4 |    10 |       ||    47
 Fire: Blowgun           |       |    29 |    34 |    15 ||    78
Throw: Stone             |       |     1 |       |       ||     1
 Cast: Magic Dart        |    82 |    67 |   112 |    21 ||   282
       Searing Ray       |     3 |    12 |    60 |    40 ||   115
       Iskenderun's Myst |       |       |     7 |       ||     7
       Iskenderun's Batt |       |       |     4 |     6 ||    10
Evoke: Wand              |       |     2 |     1 |     3 ||     6
  Use: Scroll            |     6 |     3 |    12 |     4 ||    25
       Potion            |       |     3 |     1 |     8 ||    12
 Stab: Sleeping          |       |     2 |     3 |     2 ||     7
       Invisible         |       |     1 |       |       ||     1
  Eat: Meat ration       |     1 |       |     1 |     1 ||     3
       Chunk             |     1 |     9 |    20 |    12 ||    42
       Fruit             |       |       |     2 |       ||     2
